 Dungeon Crawl Stone Soup version 0.16-a0-1109-gda7d4ef (webtiles) character file.

18 Bloax the Ruffian (level 2, -4/27 HPs)
             Began as a Troll Transmuter on Oct 5, 2014.
             Slain by Sigmund
             ... wielding a +0 scythe
              (6 damage)
             ... on level 3 of the Dungeon.
             The game lasted 00:01:35 (279 turns).

Bloax the Ruffian (Troll Transmuter)                 Turns: 279, Time: 00:01:35

Health: -4/27      AC:  5    Str: 17    XL:     2   Next: 51%
Magic:  2/2        EV:  9    Int:  9    God:
Gold:   56         SH:  0    Dex: 10    Spells: 1 memorised, 2 levels left

rFire  + . .     SeeInvis .     h - +1 whip (elec)
rCold  . . .     Clarity  .     c - +0 robe
rNeg   . . .     SustAb   .     (shield restricted)
rPois  .         Gourm    +     (helmet restricted)
rElec  .         Spirit   .     (no cloak)
rCorr  .         Warding  .     (gloves unavailable)
rMut   .         Stasis   .     (boots unavailable)
MR     .....                    (no amulet)
Stlth  +.........               (no ring)
                                f - ring of protection from fire

@: not resistant to hostile enchantments, very unstealthy
A: unfitting armour, claws 3, fast metabolism 3, gourmand, regeneration 2,
saprovore 2, shaggy fur 1, tough skin 2
a: no special abilities


You were on level 3 of the Dungeon.
You were very full.

You visited 1 branch of the dungeon, and saw 3 of its levels.

You collected 56 gold pieces.


Innate Abilities, Weirdness & Mutations

You are too large for most types of armour.
You have claws for hands.
Your metabolism is lightning-fast.
You like to eat raw meat.
You heal very quickly.
You can eat rotten meat.
You are covered in fur (AC +1).
You have very tough skin (AC +2).


   Skills:
 + Level 1.3 Fighting
 - Level 1.5 Dodging
 * Level 3.6 Unarmed Combat
 - Level 1.2 Spellcasting
 - Level 1.3 Transmutations


You had 2 spell levels left.
You knew the following spells:

 Your Spells              Type           Power        Failure   Level  Hunger
a - Beastly Appendage     Trmt           #.....       21%         1    ##.....


Dungeon Overview and Level Annotations

Branches:
Dungeon (3/15)

Altars:

Annotations:
D:3 Sigmund

Inventory:

Hand weapons
 h - a +1 whip of electrocution (weapon)
   (You took it off an orc on level 3 of the Dungeon)
Missiles
 b - 28 arrows
Armour
 c - a +0 robe (worn)
Comestibles
 a - 2 meat rations
Scrolls
 e - a scroll of teleportation {unknown}
 g - a scroll of blinking {unknown}
Jewellery
 f - a ring of protection from fire (left claw)
   (You found it on level 1 of the Dungeon)
Books
 d - a book of Changes

   Spells                             Type                      Level
   *Beastly Appendage                 Transmutation                1
   Sticks to Snakes                   Transmutation                2
   Spider Form                        Transmutation/Poison         3
   Ice Form                           Ice/Transmutation            4
   Blade Hands                        Transmutation                5

########### ##
.....#.....##..
...............
...(.........#
.....?.{......# ..
........@.....##..#
.)......Z.....#...#
.....$.......#...###
............##....%..
.....#...........#
#########.......#
###..##.# #....# #
..######....#.#....


You could see a bat skeleton.


Message History

The bat hits you.
You claw the bat!
You kill the bat!
No target in view!
No target in view!
There is a stone staircase leading up here.
Found 15 gold pieces.
Things that are here:
a whip of electrocution; a scale mail; an orc corpse You finish butchering the orc corpse.
h - 2 chunks of orc flesh {@*1}
Things that are here:
a whip of electrocution; a scale mail Eating one of 2 chunks of orc flesh {@*1}.
This raw flesh tastes great.
Eating a chunk of orc flesh {@*1}.
This raw flesh tastes great.
HP restored.
h - a whip of electrocution Wield which item (- for none, * to show all)? (? for menu, Esc to quit)
You hear the crackle of electricity.
h - a +1 whip of electrocution (weapon)
You now have 41 gold pieces (gained 17).
You now have 56 gold pieces (gained 15).
Found a bread ration and 8 gold pieces.
A rat comes into view.
Found a scroll labeled KOLUEHETEA.
Sigmund the Dreaded comes into view.
He is wielding a scythe.
Sigmund shouts!
Found 26 stones.
A bat skeleton comes into view.
The rat barely misses you.
You closely miss the rat. You claw the rat.
You kill the rat!
Sigmund hits you from afar with a scythe.
The bat skeleton barely misses you.
Found a dagger.
The bat skeleton misses you. The bat skeleton barely misses you.
Sigmund mumbles some strange words.
Sigmund flickers and vanishes!
Deactivating autopickup; reactivate with Ctrl-A.
You barely miss something. The bat skeleton hits you.
The bat skeleton hits you but does no damage. x2
You hear some strange, mumbled words.
The puff of flame misses you.
You miss something. The bat skeleton closely misses you.
The bat skeleton barely misses you. x2
Something hits you. The bat skeleton hits you.
You hit something but do no damage.
The bat skeleton hits you but does no damage.
The bat skeleton barely misses you.
You hear some strange, mumbled words.
The puff of flame misses you.
The bat skeleton hits you but does no damage.
You miss something. The bat skeleton barely misses you.
The bat skeleton hits you but does no damage.
Something hits you!
Ouch! That really hurt!
* * * LOW HITPOINT WARNING * * *
The bat skeleton hits you but does no damage.
You barely miss something. The bat skeleton misses you.
The bat skeleton hits you but does no damage.
The bat skeleton hits you.
* * * LOW HITPOINT WARNING * * *
Unknown command.
You miss something. The bat skeleton hits you.
* * * LOW HITPOINT WARNING * * *
The bat skeleton hits you.
* * * LOW HITPOINT WARNING * * *
Something hits you.
You die...

Action                   || total
-------------------------++-------
Melee: Unarmed           ||    31
       Whip              ||     7
  Eat: Chunk             ||     6

Vault maps used:
D:1:      minmay_arrival_up_and_down
D:2:      lightli_corner_chamber
D:3:      nemelex_altar_shiori, gammafunk_temple_overflow_claw, first_bread,
          uniq_sigmund

Notes
Turn   | Place    | Note
--------------------------------------------------------------
     0 | D:1      | Bloax, the Troll Transmuter, began the quest for the Orb.
     0 | D:1      | Reached XP level 1. HP: 18/18 MP: 2/2
    13 | D:1      | Reached skill level 1 in Fighting
   180 | D:3      | HP: 2/19 [orc/glowing whip (16)]
   183 | D:3      | ayy lmao
   205 | D:3      | prostrats
   217 | D:3      | Reached XP level 2. HP: 18/27 MP: 2/2
   269 | D:3      | Noticed Sigmund
   277 | D:3      | HP: 4/27 [something (14)]
   279 | D:3      | Slain by Sigmund

Vanquished Creatures
  A worm (D:3)
  An ooze (D:3)
  An orc (D:3)
  A goblin (D:2)
  2 hobgoblins (D:1)
  2 bats
  A giant gecko (D:1)
  A rat (D:3)
10 creatures vanquished.
